 Dungeon Crawl Stone Soup version 0.28.0-45-g0d030f2227 (webtiles) character file.

Game seed: 16767732728551314793

3374 MisterFreud the Thaumaturge (level 9, -1/74 HPs)
             Began as a Mummy Cinder Acolyte on Mar 29, 2022.
             Was a High Priest of Ignis.
             Killed from afar by an electric eel (16 damage)
             ... with a bolt of electricity
             ... on level 9 of the Dungeon.
             The game lasted 00:17:36 (9336 turns).

MisterFreud the Thaumaturge (Mummy Cinder Acolyte)  Turns: 9336, Time: 00:17:37

Health: -1/74      AC: 15    Str: 17    XL:     9   Next: 74%
Magic:  21/21      EV: 15    Int: 17    God:    Ignis [*****.]
Gold:   364        SH:  0    Dex:  8    Spells: 18/24 levels left

rFire   . . .      SeeInvis .   o - +1 mace (protect)
rCold   + . .      Faith    .   (no shield)
rNeg    + + +      Spirit   .   b - +0 robe
rPois   ∞          Reflect  .   m - +2 helmet
rElec   .          Harm     .   y - +1 cloak
rCorr   +          Rampage  .   (no gloves)
Will    +....                   u - +0 pair of boots
Stlth   +.........              s - amulet of magic regeneration
HPRegen 0.22/turn               q - +4 ring of evasion
MPRegen 0.57/turn               r - ring of resist corrosion

@: confused, under a protective aura
A: cold resistance 1, negative energy resistance 3, torment resistance 2, heat
vulnerability 1, no potions
a: Renounce Religion, Fiery Armour, Foxfire Swarm, Rising Flame


You were on level 9 of the Dungeon.
You worshipped Ignis.
Ignis was extremely pleased with you.
You visited 1 branch of the dungeon, and saw 9 of its levels.

You collected 573 gold pieces.
You spent 209 gold pieces at shops.

Inventory:

Hand Weapons
 a - a -1 mace of flaming
 o - a +1 mace of protection (weapon)
Missiles
 f - 2 throwing nets
 g - 41 poisoned darts (quivered)
 k - 3 boomerangs
 D - 2 boomerangs of dispersal
Armour
 b - a +0 robe (worn)
 m - a +2 helmet (worn)
 u - a +0 pair of boots (worn)
 y - a +1 cloak (worn)
Jewellery
 n - a ring of wizardry
 q - a +4 ring of evasion (left hand)
 r - a ring of resist corrosion (right hand)
 s - an amulet of magic regeneration (around neck)
 x - a ring of ice
Wands
 v - a wand of digging (8)
 w - a wand of flame (17)
 B - a wand of iceblast (8)
 F - a wand of acid (5)
Scrolls
 c - 3 scrolls of fog {unknown}
 d - a scroll of summoning {unknown}
 e - 13 scrolls of identify {unknown}
 h - 2 scrolls of acquirement {unknown}
 i - a scroll of magic mapping {unknown}
 j - 2 scrolls of holy word {unknown}
 l - 2 scrolls of immolation {unknown}
 p - a scroll of enchant weapon {unknown}
 t - 3 scrolls of vulnerability {unknown}
 z - 2 scrolls of fear {unknown}
 A - a scroll of torment {unknown}
 C - a scroll of brand weapon {unknown}
 E - 2 scrolls of teleportation {unknown}


   Skills:
 - Level 8.0 Fighting
 - Level 5.0 Maces & Flails
 + Level 1.4 Armour
 - Level 8.0 Spellcasting
 - Level 4.0 Hexes
 - Level 6.0 Fire Magic


You had 18 spell levels left.
You knew the following spells:

 Your Spells              Type           Power      Damage    Failure   Level
a - Scorch                Fire           54%        2d8       1%          2
b - Foxfire               Conj/Fire      68%        2x1d7     3%          1
c - Inner Flame           Hex/Fire       23%        N/A       4%          3

Your spell library contained the following spells:

 Spells                   Type           Power      Damage    Failure   Level
 Conjure Flame            Conj/Fire      17%        6-21      9%          3
 Shock                    Conj/Air       24%        1d4       11%         1
 Swiftness                Air            6%         N/A       30%         3
 Flame Wave               Conj/Fire      17%        2d6       30%         4
 Airstrike                Air            3%         N/A       71%         4
 Olgreb's Toxic Radiance  Pois           6%         N/A       71%         4
 Ozocubu's Refrigeration  Ice            3%         4d5       100%        7
 Ignition                 Fire           13%        3d6       100%        8


Dungeon Overview and Level Annotations

Branches:
Dungeon (9/15)             Temple (0/1) D:6
   Lair: D:8-11         Orc: D:9-12

Altars:
Yredelemnul
Zin

Shops:
D:5 =   D:6 (   D:7 [**   D:8 [

Annotations:
D:5 2 runed translucent doors, jacek's ghost, novice HOFi


Innate Abilities, Weirdness & Mutations

You are immune to poison.
Your flesh is cold resistant. (rC+)
You are immune to negative energy. (rN+++)
You are immune to unholy pain and torment.
You are vulnerable to heat. (rF-)
You do not drink.


Message History

You are confused.
An electric eel comes into view.
Unknown command.
You're too confused to cast spells.
Okay, then.
Unknown command.
You bump into the rock wall.
The electric eel shoots out a bolt of lightning at you!
The bolt of electricity hits you! The bolt of electricity hits you.
You bump into the rock wall.
The vampire hits you. The vampire bites you.
The electric eel shoots out a bolt of lightning at you!
The bolt of electricity hits you! x2
Unknown command.
You bump into the rock wall.
The vampire hits you.
* * * LOW HITPOINT WARNING * * *
The vampire misses you.
Unknown command.
You bump into the rock wall.
The vampire casts a spell at you.
You are more confused.
The electric eel shoots out a bolt of lightning at you!
The bolt of electricity hits you.
* * * LOW HITPOINT WARNING * * *
The bolt of electricity misses you.
The vampire gestures at you while chanting.
You are more confused.
You're too confused to move!
The vampire throws a stone.
The stone closely misses you.
You're too confused to move!
You hit the vampire.
Your weapon exudes an aura of protection.
The vampire is severely damaged.
The vampire is no longer more vulnerable to fire.
The vampire misses you. The vampire bites you.
* * * LOW HITPOINT WARNING * * *
The vampire points at you and mumbles some strange words.
You are more confused.
The electric eel shoots out a bolt of lightning at you!
The bolt of electricity hits you!
You die...

#.....#......#.......#.....
#.....#......#.......#.....
#.....#......#...<...#.....
#.....#......#########.....
#.....#......#
#.....#......#
#.....'......#
########......#
#..........@V.########
#.....................
#.......######........
#.......# #........
#.......# #...)..##
######### #....### #....S≈
#...##≈# #...# ≈≈


You could see a vampire and an electric eel.

Vanquished Creatures
  A cyclops (D:7)
  Prince Ribbit (D:7)
  A wyvern (D:9)
  A yak (D:8)
  3 water moccasins
  An orc warrior (D:5)
  An ogre (D:4)
  4 centaurs
  A wolf (D:5)
  2 phantoms
  5 kobold brigands
  A bullfrog (D:7)
  A gnoll sergeant (D:5)
  A scorpion (D:5)
  A water moccasin zombie (D:6)
  2 howler monkeys (D:9)
  5 orc priests
  2 gnoll shamans
  3 hounds
  An iguana (D:6)
  A scorpion zombie (D:5)
  6 orc wizards
  A killer bee zombie (D:7)
  6 adders
  10 gnolls
  A howler monkey skeleton (D:7)
  A white imp (D:6)
  An ufetubus (D:7)
  An adder skeleton (D:4)
  A worm (D:3)
  2 dart slugs (D:1)
  24 orcs
  10 ball pythons
  7 endoplasms
  2 giant cockroaches
  10 hobgoblins
  5 jackals
  5 quokkas
  5 bats
  3 frilled lizards
  6 goblins
  24 kobolds
  7 rats
177 creatures vanquished.

Vanquished Creatures (others)
  4 foxfires (D:7)
  5 toadstools (D:2)
9 creatures vanquished.

Grand Total: 186 creatures vanquished

Notes
Turn   | Place    | Note
-------+----------+-------------------------------------------
     0 | D:1      | MisterFreud the Mummy Cinder Acolyte began the quest for
                  | the Orb.
     0 | D:1      | Reached XP level 1. HP: 18/18 MP: 2/2
   412 | D:2      | Reached XP level 2. HP: 21/24 MP: 4/4
   415 | D:2      | Learned a level 2 spell: Scorch
   446 | D:2      | Found a basalt altar of Yredelemnul.
   925 | D:1      | Reached XP level 3. HP: 28/29 MP: 2/6
  1679 | D:2      | Reached XP level 4. HP: 32/35 MP: 0/9
  3709 | D:4      | Noticed an ogre
  3717 | D:4      | Killed an ogre
  3718 | D:4      | Reached skill level 5 in Spellcasting
  3718 | D:4      | Reached XP level 5. HP: 41/41 MP: 2/13
  4480 | D:5      | Entered Level 5 of the Dungeon
  4480 | D:5      | Noticed a phantom
  4502 | D:4      | Killed a phantom
  4503 | D:4      | Reached XP level 6. HP: 29/48 MP: 0/15
  4795 | D:5      | Reached skill level 5 in Fighting
  5044 | D:5      | Found Gyomedog's Jewellery Emporium.
  5244 | D:5      | Found a runed translucent door.
  5248 | D:5      | Noticed jacek's ghost (novice HOFi)
  5273 | D:5      | Found a runed translucent door.
  5295 | D:5      | Reached XP level 7. HP: 56/56 MP: 12/16
  5971 | D:6      | Found a staircase to the Ecumenical Temple.
  6207 | D:6      | Reached XP level 8. HP: 60/65 MP: 14/20
  6374 | D:6      | Found Kidikku's Weapon Emporium.
  6838 | D:7      | Noticed Prince Ribbit
  6859 | D:7      | Killed Prince Ribbit
  6894 | D:7      | Found Zin's Purification Station.
  7085 | D:7      | Found Cirol's Serpentskin Sales.
  7501 | D:7      | Reached skill level 5 in Fire Magic
  7503 | D:7      | Learned a level 1 spell: Foxfire
  7507 | D:7      | Learned a level 3 spell: Inner Flame
  7770 | D:7      | Reached skill level 1 in Hexes
  7785 | D:7      | Reached XP level 9. HP: 72/74 MP: 12/21
  7953 | D:8      | Found Limeizy's Antique Armour Shop.
  7956 | D:8      | Bought a transparent chain mail for 209 gold pieces
  7956 | D:8      | Identified the +1 chain mail of Purpose {SInv} (You bought
                  | it in a shop on level 8 of the Dungeon)
  7970 | D:8      | Noticed a cyclops
  8019 | D:7      | Killed a cyclops
  9046 | D:9      | Reached skill level 5 in Maces & Flails
  9247 | D:9      | Reached skill level 1 in Armour
  9336 | D:9      | Killed from afar by an electric eel

Illustrated notes

Levels and vault maps discovered:
D:1:      dpeg_arrival_simpleton_a, layout_rooms, hangedman_decor_slide_cut,
          minmay_pentomino_t4
D:2:      layout_basic, basic_altar, minmay_gold_behind_fungi
D:3:      layout_loops_corners
D:4:      layout_loops_cross
D:5:      layout_cave_pools, ebering_ghost_sewer_f, serial_gnoll_camp,
          gnoll_camp_mini_loothouse, gnoll_camp_mini_basic,
          gnoll_camp_mini_shop, gnoll_camp_mini_hut
D:6:      layout_basic, minmay_temple_entry_arrows, serial_shops,
          nicolae_shop_bloodbath_and_beyond, chequers_serial_rivers_small_3,
          minivault_10
D:7:      layout_basic, zin_purify, guppyfry_shop_venom, uniq_prince_ribbit1
D:8:      layout_rooms, serial_shops, shop
D:9:      layout_gridville, wad_floor_pattern_2, minivault_4

Skill      XL: |  1  2  3  4  5  6  7  8  9 |
---------------+----------------------------+-----
Spellcasting   | 2 3 5 6 8 |  8.0
Fire Magic     | 3 5 6 |  6.0
Fighting       | 5 6 8 |  8.0
Hexes          | 1 4 |  4.0
Maces & Flails | 5 |  5.0
Armour         | 1 |  1.4

Action                   |  1- 3 |  4- 6 |  7- 9 || total
-------------------------+-------+-------+-------++-------
Melee: Mace              |    48 |     9 |    30 ||    87
Throw: Dart              |       |       |     1 ||     1
 Cast: Scorch            |    32 |    79 |   192 ||   303
       Foxfire           |       |       |     2 ||     2
       Inner Flame       |       |       |     1 ||     1
Armor: Robe              |    11 |     5 |    57 ||    73
Dodge: Dodged            |    42 |    27 |   152 ||   221
